 Dungeon Crawl Stone Soup version 0.20-a0-970-gcd8f41e (webtiles) character file.

546 Murumi the Covert (level 7, -9/60 HPs)
             Began as a Naga Assassin on Apr 8, 2017.
             Mangled by an ice beast (10 damage)
             ... on level 5 of the Dungeon.
             The game lasted 00:16:28 (4127 turns).

Murumi the Covert (Naga Assassin)                   Turns: 4127, Time: 00:16:30

Health: -9/60      AC:  7    Str: 12 (14) XL:     7   Next: 28%
Magic:  8/8        EV:  9    Int:  9 (11) God:
Gold:   221        SH:  3    Dex: 10 (12) Spells: 6/6 levels left

rFire    . . .     SeeInvis +   r - -1 dagger (curse)
rCold    . . .     Gourm    .   (no shield)
rNeg     . . .     Faith    .   c - +1 robe
rPois    +         Spirit   .   (no helmet)
rElec    .         Reflect  +   q - +2 cloak
rCorr    .         Harm     .   (no gloves)
MR       +....                  (no barding)
Stlth    +++++.....             i - +3 amulet of reflection
Regen    0.2/turn               h - ring of protection from magic
MPRegen  0.2/turn               k - -2 ring of dexterity (curse)

@: short of breath, very slow
A: see invisible, deformed body, poison resistance, slowness 2, slow metabolism
1, spit poison 1, AC +2
a: Spit Poison


You were on level 5 of the Dungeon.
You were not hungry.

You visited 2 branches of the dungeon, and saw 6 of its levels.

You collected 221 gold pieces.

Inventory:

Hand Weapons
 a - a +2 dagger
 b - a +0 blowgun
 r - a cursed -1 dagger (weapon)
Missiles
 d - 103 stones (quivered)
 e - 28 poisoned needles
 f - 2 curare-tipped needles
 o - 4 needles of sleeping
 t - 8 needles of confusion
Armour
 c - a +1 robe (worn)
 q - a +2 cloak (worn)
 y - a +2 buckler
Jewellery
 h - a ring of protection from magic (left hand)
 i - a +3 amulet of reflection (around neck)
 j - an uncursed ring of ice
 k - a cursed -2 ring of dexterity (right hand)
Wands
 x - a wand of paralysis (17/24)
 A - a wand of polymorph (9/24)
Scrolls
 s - a scroll of teleportation
 w - a scroll of amnesia
Potions
 l - a potion of might
 n - a potion of flight
 v - 2 potions of curing
 z - 3 potions of degeneration
Comestibles
 g - 3 bread rations
 m - a royal jelly
 p - 4 meat rations


   Skills:
 - Level 2.0 Fighting
 - Level 2.0 Short Blades
 - Level 2.1 Throwing
 - Level 1.0 Dodging
 + Level 11.9 Stealth
 - Level 2.2 Evocations


You had 6 spell levels left.
You didn't know any spells.

Dungeon Overview and Level Annotations

Branches:
Dungeon (5/15)             Temple (1/1) D:4

Altars:
Ashenzari
Dithmenos
Elyvilon
Fedhas
Gozag
Kikubaaqudgha
Qazlal
Ru
Trog
Vehumet
Wu Jian
Xom
Zin
The Shining One

Annotations:
D:4 exclusions: 2 gnolls and gnoll sergeant


Innate Abilities, Weirdness & Mutations

You cannot wear boots.
Your serpentine skin is tough. (AC +2)
You have supernaturally acute eyesight. (SInv)
Armour fits poorly on your strangely shaped body.
Your system is resistant to poisons. (rPois)
You cover ground very slowly.
You have a slow metabolism.
You can spit poison.


Message History

The splash of poison hits the ice beast.
The ice beast completely resists.
The ice beast is severely wounded.
You feel slightly more hungry. The ice beast hits you.
The ice beast freezes you!
You barely miss the ice beast.
The ice beast is severely wounded.
The ice beast hits you. The ice beast freezes you!
* * * LOW HITPOINT WARNING * * *
You feel better. The ice beast hits you.
* * * LOW HITPOINT WARNING * * *
The ice beast freezes you!
* * * LOW HITPOINT WARNING * * *
It was a potion of degeneration.
There was something very wrong with that liquid.
You feel weakened.
You feel dopey.
You feel clumsy. The ice beast hits you.
* * * LOW HITPOINT WARNING * * *
The ice beast freezes you!
You die...

######+#+## #####
#.........# #....
#[........# ###....
#.........#### #......
#............#####...###
#......@.....+...'...'..
#.....Y......#####...###
#..........>....<..).#
#.........##.....<...#
############.........#
####...............###
#.....................
#.....................
#...........###......[


You could see an ice beast.

Vanquished Creatures
  An ogre (D:4)
  The ghost of Oki the Charmwright, an amateur BuSk (D:4)
  2 bullfrogs
  A crimson imp (D:5)
  A hound (D:4)
  A jelly (D:5)
  A bullfrog skeleton (D:4)
  A worker ant (D:4)
  4 adders
  3 worms
  2 dart slugs
  2 leopard geckos
  2 orcs
  5 bats
  2 giant cockroaches (D:2)
  5 goblins
  10 hobgoblins
  4 jackals (D:2)
  4 kobolds
  A ball python (D:1)
  7 frilled lizards
  5 rats
65 creatures vanquished.

Notes
Turn   | Place    | Note
-------+----------+-------------------------------------------
     0 | D:1      | Murumi the Naga Assassin began the quest for the Orb.
     0 | D:1      | Reached XP level 1. HP: 19/19 MP: 1/1
    36 | D:1      | Reached skill level 6 in Stealth
   348 | D:1      | Reached skill level 1 in Dodging
   462 | D:1      | Reached XP level 2. HP: 26/26 MP: 2/2
  1016 | D:1      | Reached XP level 3. HP: 29/32 MP: 3/3
  1200 | D:2      | Reached skill level 7 in Stealth
  1218 | D:2      | You fall through a shaft for 2 floors!
  1230 | D:4      | Noticed Oki's ghost (amateur BuSk)
  1254 | D:4      | Reached skill level 8 in Stealth
  1254 | D:4      | Reached XP level 4. HP: 38/39 MP: 4/4
  1267 | D:4      | Found a staircase to the Ecumenical Temple.
  1286 | Temple   | Entered the Ecumenical Temple
  1511 | D:3      | Noticed a bullfrog
  1904 | D:2      | HP: 2/58 [poisoned by an adder]
  1911 | D:2      | Reached skill level 9 in Stealth
  1911 | D:2      | Reached XP level 5. HP: 8/45 MP: 5/5
  2731 | D:3      | Found a glowing silver altar of Zin.
  3019 | D:3      | Found a shattered altar of Ashenzari.
  3072 | D:3      | Found a bloodstained altar of Trog.
  3221 | D:4      | Reached XP level 6. HP: 39/52 MP: 7/7
  3246 | D:4      | Found a white marble altar of Elyvilon.
  3689 | D:4      | Killed Oki's ghost
  3689 | D:4      | Reached skill level 10 in Stealth
  3693 | D:4      | Reached skill level 11 in Stealth
  3977 | D:5      | Entered Level 5 of the Dungeon
  3978 | D:5      | Reached XP level 7. HP: 60/60 MP: 8/8
  4126 | D:5      | HP: 3/60 [ice beast (12)]
  4127 | D:5      | HP: 1/60 [ice beast (2)]
  4127 | D:5      | Mangled by an ice beast

Vault maps used:
D:1:      scummos_arrival_gate, minmay_surrounded
D:3:      lemuel_crystal_altar, lightli_temple_of_fire, marbit_many_paths,
          serial_curves, eino_curves_02, eino_curves_03
D:4:      kennysheep_little_box, temple_pool_b, nrook_mini_vaults
D:5:      gammafunk_temple_overflow_statue, kennysheep_mini_moat, first_bread
Temple:   eino_temple_lava

Skill      XL: |  1  2  3  4  5  6 |
---------------+-------------------+-----
Stealth        | 6 8 9 11 | 11.9
Dodging        | 1 |  1.0
Throwing       | 2 |  2.1
Evocations     | 2 |  2.2
Fighting       | |  2.0
Short Blades   | |  2.0

Action                   |  1- 3 |  4- 6 |  7- 9 || total
-------------------------+-------+-------+-------++-------
Melee: Dagger            |    59 |   248 |    25 ||   332
 Abil: Spit Poison       |     2 |    21 |     5 ||    28
  Use: Scroll            |     2 |     7 |       ||     9
       Potion            |       |     6 |     2 ||     8
 Stab: Sleeping          |    10 |    15 |     1 ||    26
  Eat: Chunk             |       |     9 |     1 ||    10
Armor: Robe              |    11 |    61 |     9 ||    81
       Skin              |       |    40 |       ||    40
Dodge: Dodged            |    21 |    81 |    12 ||   114
Block: Other             |     3 |    32 |       ||    35
